 Dungeon Crawl Stone Soup version 0.28-b1-25-g9875b3fc8c (webtiles) character file.

Game seed: 8102866225043217125

10249 sanka the Cleaver (level 11, -1/108 HPs)
             Began as a Deep Dwarf Arcane Marksman on Feb 4, 2022.
             Was an Elder of Makhleb.
             Slain by a six-headed hydra (4 damage)
             ... on level 11 of the Dungeon.
             The game lasted 00:33:08 (10382 turns).

sanka the Cleaver (Deep Dwarf Arcane Marksman)     Turns: 10382, Time: 00:33:09

Health: -1/108     AC: 18    Str: 19    XL:     11   Next: 33%
Magic:  4/4        EV: 15    Int: 13    God:    Makhleb [****..]
Gold:   463        SH:  0    Dex: 15    Spells: 11/12 levels left

rFire   . . .      SeeInvis .   S - +0 hand crossbow
rCold   . . .      Faith    .   (no shield)
rNeg    . . .      Spirit   .   C - +0 swamp dragon scales
rPois   +          Reflect  .   T - +1 helmet "Nyemmiuv" {Dex+2}
rElec   .          Harm     .   (no cloak)
rCorr   .          Rampage  .   (no gloves)
Will    +....                   y - +2 pair of boots
Stlth   +.........              d - amulet of the acrobat
HPRegen 0.00/turn               N - +4 ring of evasion
MPRegen 0.09/turn               H - +4 ring of protection

@: no status effects
A: damage resistance, heal wounds, sense surroundings 2, no regeneration
a: Heal Wounds, Renounce Religion, Minor Destruction, Lesser Servant of Makhleb,
Major Destruction


You were on level 11 of the Dungeon.
You worshipped Makhleb.
Makhleb was greatly pleased with you.
You visited 2 branches of the dungeon, and saw 12 of its levels.
You also visited: Ossuary.

You collected 463 gold pieces.

Inventory:

Hand Weapons
 a - a +1 vampiric hand axe
 b - a +0 war axe
 S - a +0 hand crossbow (weapon)
Missiles
 c - 112 bolts (quivered ammo)
 I - 5 curare-tipped darts
Armour
 t - a +1 ring mail of fire resistance
 y - a +2 pair of boots (worn)
 z - a +0 plate armour
 A - a +3 leather armour of cold resistance
 C - +0 swamp dragon scales (worn)
 T - the +1 helmet "Nyemmiuv" (worn) {Dex+2}
   (You found it on level 6 of the Dungeon)

   Dex:       It affects your dexterity (+2).
Jewellery
 d - an amulet of the acrobat (around neck)
 u - a ring of protection from cold
 E - a +6 ring of strength
 H - a +4 ring of protection (right hand)
 N - a +4 ring of evasion (left hand)
 Q - a ring of poison resistance
Wands
 v - a wand of mindburst (5)
 B - a wand of polymorph (2)
 U - a wand of paralysis (4)
Scrolls
 f - a scroll of immolation {unknown}
 h - 3 scrolls of vulnerability
 i - 7 scrolls of enchant armour
 k - 3 scrolls of teleportation
 o - 3 scrolls of noise
 x - a scroll of summoning {unknown}
 D - 2 scrolls of enchant weapon
 G - a scroll of torment {unknown}
 J - 2 scrolls of blinking
 M - a scroll of amnesia {unknown}
 O - a scroll of fear {unknown}
Potions
 e - 3 potions of haste
 g - 8 potions of curing
 j - 4 potions of lignification
 l - a potion of heal wounds
 m - 2 potions of might {unknown}
 n - 2 potions of berserk rage
 p - a potion of ambrosia {unknown}
 q - a potion of magic {unknown}
 r - a potion of attraction {unknown}
 s - 4 potions of flight
 w - 2 potions of degeneration {unknown}
 F - a potion of resistance {unknown}
 K - a potion of mutation {unknown}
 L - 2 potions of cancellation {unknown}


   Skills:
 - Level 10.0 Fighting
 - Level 14.0 Axes
 - Level 2.1 Crossbows
 + Level 6.7 Armour
 - Level 2.1 Dodging
 - Level 1.0 Spellcasting
 - Level 2.4 Hexes


You had 11 spell levels left.
You knew the following spells:

 Your Spells              Type           Power      Damage    Failure   Level
a - Slow                  Hex            24%        N/A       17%         1

Your spell library contained the following spells:

 Spells                   Type           Power      Damage    Failure   Level
 Ensorcelled Hibernation  Hex/Ice        6%         N/A       38%         2
 Animate Skeleton         Necr           0%         N/A       41%         1
 Apportation              Tloc           0%         N/A       41%         1
 Summon Small Mammal      Summ           0%         N/A       41%         1
 Tukima's Dance           Hex            6%         N/A       45%         3
 Corpse Rot               Necr/Air       0%         N/A       56%         2
 Passwall                 Tmut/Erth      0%         N/A       56%         2
 Dazzling Flash           Conj/Hex       6%         N/A       63%         3
 Inner Flame              Hex/Fire       3%         N/A       63%         3
 Portal Projectile        Hex/Tloc       6%         N/A       63%         3
 Ignite Poison            Fire/Tmut/Pois 0%         N/A       80%         3
 Mephitic Cloud           Conj/Pois/Air  0%         N/A       80%         3
 Swiftness                Air            0%         N/A       80%         3
 Cause Fear               Hex            3%         N/A       86%         4
 Anguish                  Hex/Necr       1%         N/A       95%         4
 Dispel Undead            Necr           0%         3d6       99%         4
 Agony                    Necr           0%         N/A       100%        5
 Blade Hands              Tmut           0%         N/A       100%        5
 Freezing Cloud           Conj/Ice/Air   0%         6-21      100%        5
 Irradiate                Conj/Tmut      0%         3d13      100%        5
 Silence                  Hex/Air        1%         N/A       100%        5
 Death Channel            Necr           0%         N/A       100%        6
 Dragon Form              Tmut           0%         N/A       100%        7
 Enfeeble                 Hex            3%         N/A       100%        7


Dungeon Overview and Level Annotations

Branches:
Dungeon (11/15)            Temple (1/1) D:6            Lair (0/6) D:8
    Orc (0/2) D:9         Ossuary (visited)

Altars:
Ashenzari
Cheibriados
Dithmenos
Elyvilon
Fedhas
Gozag
Hepliaklqana
Kikubaaqudgha
Makhleb
Nemelex Xobeh
Okawaru
Qazlal
Ru
Sif Muna
Trog
Uskayaw
Vehumet
Wu Jian
Xom
Yredelemnul
Zin
The Shining One
Beogh

Shops:
D:4 (   D:5 (:([(   D:9 !

Annotations:
D:10 2 transporters, p0werm0de's ghost, journeyman DsCK


Innate Abilities, Weirdness & Mutations

You are resistant to damage.
You can heal yourself by infusing magical energy.
You passively map the area around you.
You do not regenerate.


Message History

The six-headed hydra closely misses you.
The six-headed hydra misses you.
The six-headed hydra bites you but does no damage.
The six-headed hydra bites you.
Unknown command.
Fire: 114 bolts
Press: ? - help, Q - select action, (/) - cycle Shift-Dir - straight line, f/p - six-headed hydra
Aim: a six-headed hydra (severely wounded, 83% to hit)
You shoot a bolt. The bolt hits the six-headed hydra.
The six-headed hydra is severely wounded.
The six-headed hydra bites you!
* * * LOW HITPOINT WARNING * * *
The six-headed hydra bites you but does no damage.
The six-headed hydra bites you.
* * * LOW HITPOINT WARNING * * *
The six-headed hydra bites you!
* * * LOW HITPOINT WARNING * * *
The six-headed hydra bites you.
The six-headed hydra barely misses you. x2
The six-headed hydra bites you but does no damage. x3
The six-headed hydra completely misses you.
The six-headed hydra barely misses you.
Fire: 113 bolts
Press: ? - help, Q - select action, (/) - cycle Shift-Dir - straight line, f/p - six-headed hydra
Aim: a six-headed hydra (severely wounded, 83% to hit)
You shoot a bolt. The bolt hits the six-headed hydra!
The six-headed hydra is almost dead.
The six-headed hydra bites you.
The six-headed hydra closely misses you.
The six-headed hydra bites you!
* * * LOW HITPOINT WARNING * * *
The six-headed hydra bites you!
* * * LOW HITPOINT WARNING * * *
The six-headed hydra barely misses you. The six-headed hydra misses you.
You fail to use your ability.
The six-headed hydra barely misses you.
The six-headed hydra bites you but does no damage.
The six-headed hydra misses you.
The six-headed hydra completely misses you.
The six-headed hydra bites you but does no damage.
The six-headed hydra bites you.
You die...

, ,,#..........# , ,
, *#..........# ,
*#..........+, , , ,
#<......<..# *
#..........# * * *
####......##
#####<######
#..........#######
#.......@D.'.....# *
#..........#####...#*
* #..........# * * .
, #..........# * *
#>.........#
############


You could see a six-headed hydra.

Vanquished Creatures
  3 two-headed ogres
  Sonja (D:10)
  The ghost of Nattefrost the Skirmisher, a novice PaBe of Trog (D:5)
  Maggie (D:6)
  2 trolls (D:10)
  5 slime creatures
  3 wyverns (D:9)
  3 wargs (D:8)
  3 acid dragons
  A water moccasin (D:6)
  Duvessa (D:5)
  A sky beast (D:6)
  3 black bears
  4 ogres
  6 orc warriors
  5 centaurs
  An elf zombie (Ossuary)
  3 kobold brigands
  A bullfrog (D:8)
  A wyvern zombie (D:8)
  2 scorpions
  Dowan (D:5)
  19 killer bees
  4 howler monkeys
  7 centaur zombies
  3 hounds
  10 orc priests
  2 centaur skeletons
  A bullfrog skeleton (D:7)
  A jelly (D:8)
  An iguana (D:4)
  7 orc wizards
  A killer bee zombie (D:6)
  An ogre zombie (Ossuary)
  A hound skeleton (D:5)
  7 mummies (Ossuary)
  A howler monkey zombie (D:8)
  3 gnolls (D:7)
  7 adders
  6 adder zombies (Ossuary)
  2 worms
  11 dart slugs
  46 orcs
  3 bats
  5 endoplasms
  2 giant cockroaches
  6 goblins
  8 hobgoblins
  6 jackals
  5 quokkas
  9 ball pythons
  4 frilled lizards
  3 goblin zombies (Ossuary)
  5 hobgoblin zombies (Ossuary)
  19 kobolds
  3 kobold zombies (Ossuary)
  An orc zombie (Ossuary)
  4 quokka zombies (Ossuary)
  11 rats
  2 rat zombies (Ossuary)
289 creatures vanquished.

Vanquished Creatures (others)
  A plant (D:8)
1 creature vanquished.

Grand Total: 290 creatures vanquished

Notes
Turn   | Place    | Note
-------+----------+-------------------------------------------
     0 | D:1      | sanka the Deep Dwarf Arcane Marksman began the quest for
                  | the Orb.
     0 | D:1      | Reached XP level 1. HP: 16/16 MP: 2/2
     8 | D:1      | Reached skill level 1 in Fighting
   135 | D:1      | Reached XP level 2. HP: 23/26 MP: 3/3
   502 | D:1      | Reached XP level 3. HP: 32/33 MP: 4/4
  1078 | D:2      | Found a faded altar of an unknown god.
  1122 | D:2      | Reached skill level 1 in Axes
  1556 | D:3      | Reached XP level 4. HP: 26/42 MP: 5/5
  1560 | D:3      | Reached skill level 2 in Axes
  1590 | D:3      | Reached skill level 3 in Axes
  1751 | D:3      | Found a basalt altar of Yredelemnul.
  1848 | D:3      | Reached XP level 5. HP: 26/49 MP: 6/6
  1862 | D:3      | Reached skill level 4 in Axes
  2639 | D:4      | Found a shadowy altar of Dithmenos.
  2640 | D:4      | Found an ornate altar of the Wu Jian Council.
  2640 | D:4      | Found a shimmering blue altar of Sif Muna.
  2641 | D:4      | Found a sparkling altar of Nemelex Xobeh.
  2641 | D:4      | Found a blossoming altar of Fedhas.
  2641 | D:4      | Found a glowing silver altar of Zin.
  2642 | D:4      | Found an opulent altar of Gozag.
  2695 | D:4      | Reached skill level 5 in Axes
  2698 | D:4      | Reached XP level 6. HP: 29/56 MP: 7/7
  2876 | D:4      | Found Imyimaell's Antique Weapon Shoppe.
  3308 | D:5      | Entered Level 5 of the Dungeon
  3309 | D:5      | Found Feeth's Book Shoppe.
  3323 | D:5      | Reached skill level 6 in Axes
  3422 | D:5      | Found a hazy altar of Hepliaklqana.
  3423 | D:5      | Found Nanyod's Antique Armour Emporium.
  3484 | D:5      | Found Matselus's Antique Weapon Boutique.
  3508 | D:5      | Reached skill level 7 in Axes
  3508 | D:5      | Reached XP level 7. HP: 39/62 MP: 8/8
  3641 | D:5      | Found a hide-covered altar of Uskayaw.
  3651 | D:5      | Found Mabear's Weapon Shop.
  3706 | D:5      | Noticed Duvessa
  3706 | D:5      | Noticed Dowan
  3757 | D:5      | Killed Duvessa
  3758 | D:5      | Reached skill level 8 in Axes
  3761 | D:5      | Killed Dowan
  3840 | D:5      | Found Emauklask's Weapon Shop.
  3962 | D:6      | Noticed Maggie
  4025 | D:6      | Found a staircase to the Ecumenical Temple.
  4065 | Temple   | Entered the Ecumenical Temple
  4303 | Temple   | Became a worshipper of Makhleb the Destroyer
  4421 | D:6      | Reached XP level 8. HP: 25/72 MP: 8/8
  4425 | D:6      | Killed Maggie
  4426 | D:6      | Reached skill level 5 in Fighting
  4426 | D:6      | Reached skill level 9 in Axes
  4776 | D:6      | Reached skill level 10 in Axes
  5096 | D:6      | Found a runed translucent gate.
  5096 | D:6      | Noticed Nattefrost's ghost (novice PaBe)
  5097 | D:6      | Found a runed translucent gate.
  5097 | D:6      | Identified the +0 plate armour of the Villain {Rampage
                  | Int-3 Dex+5}
  5098 | D:6      | Found a runed translucent gate.
  5470 | D:7      | Gained mutation: You passively map the area around you.
                  | [Deep Dwarf growth]
  5470 | D:7      | Reached XP level 9. HP: 24/82 MP: 9/9
  5601 | D:7      | Reached * piety under Makhleb
  5819 | D:7      | Reached skill level 11 in Axes
  5840 | D:7      | Found a broken altar of Ashenzari.
  5850 | D:7      | Identified the +1 ring mail "Cycrathihi" {rElec Dex-3
                  | Slay+2 SInv}
  6354 | D:7      | Found a snail-covered altar of Cheibriados.
  6587 | D:8      | Found a sand-covered staircase.
  6595 | Ossuary  | Entered an ossuary
  6718 | Ossuary  | Reached ** piety under Makhleb
  7063 | Ossuary  | Reached *** piety under Makhleb
  7266 | D:8      | Reached skill level 12 in Axes
  7327 | D:8      | Found a staircase to the Lair.
  7364 | D:8      | Reached XP level 10. HP: 31/98 MP: 9/9
  7384 | D:8      | Noticed a two-headed ogre
  7527 | D:8      | Killed a two-headed ogre
  8281 | D:9      | Found a staircase to the Orcish Mines.
  8472 | D:9      | Reached **** piety under Makhleb
  8527 | D:9      | Reached skill level 13 in Axes
  8529 | D:9      | Found a bloodstained altar of Trog.
  8731 | D:9      | Found Yleix's Distillery.
  9285 | D:5      | Killed Nattefrost's ghost
  9286 | D:5      | Reached skill level 10 in Fighting
  9375 | D:6      | Identified the +1 helmet "Nyemmiuv" {Dex+2}
  9510 | D:10     | Entered Level 10 of the Dungeon
  9550 | D:9      | Reached skill level 14 in Axes
  9608 | D:9      | Reached skill level 1 in Armour
  9622 | D:10     | Found a transporter.
  9647 | D:9      | Reached XP level 11. HP: 108/108 MP: 4/4
  9687 | D:10     | Found a transporter.
  9838 | D:10     | Noticed a two-headed ogre
  9911 | D:10     | Killed a two-headed ogre
  9923 | D:10     | Noticed p0werm0de's ghost (journeyman DsCK)
  9973 | D:10     | Noticed Sonja
  9977 | D:10     | Killed Sonja
  9978 | D:10     | Reached skill level 5 in Armour
 10228 | D:10     | Noticed a two-headed ogre
 10240 | D:10     | Killed a two-headed ogre
 10359 | D:11     | Noticed a four-headed hydra
 10381 | D:11     | HP: 3/108 [six-headed hydra (9)]
 10382 | D:11     | Slain by a six-headed hydra

Illustrated notes

Levels and vault maps discovered:
D:1:      tarquinn_simple_flora_water_e, layout_loops_corners, minivault_27,
          corexii_leaking_fountain, st_stairs_5
D:2:      layout_basic, ebering_ecumenical_altar_hall
D:3:      kennysheep_slugbush, layout_loops_ring, overflow_temple_1_default,
          minmay_fractal_squares_diagonal_5
D:4:      layout_basic, grunt_temple_overflow_open, serial_shops, shop,
          hex_large, saegor_snake_ambush
D:5:      layout_gridville, mainiacjoe_overflow_catch_the_wave, serial_shops,
          nicolae_shop_stone, nicolae_take_the_stairs, shop_fountains,
          nicolae_square_shop, kennysheep_mini_moat, uniq_duvessa
D:6:      layout_loops_corners, minmay_temple_entry_sparse_star,
          biasface_ghost_orc_armoury, kennysheep_generic_room_4, uniq_maggie
D:7:      layout_gridville, mainiacjoe_overflow_tiny_flanked, marbit_many_paths,
          minmay_misc_feat_diagonals, grunt_ministairs_3
D:8:      layout_basic, erik_lair_orcish_takeover,
          nicolae_ossuary_entry_monument
D:9:      layout_roguey, mainiacjoe_overflow_alcove_2, david_orc_3,
          serial_shops, shop
D:10:     layout_loops_ring, gammafunk_ghost_berserking_beasts, uniq_sonja
D:11:     layout_roguey, serial_shops, shop, minmay_fountain_box,
          nicolae_antique_artefacts, kennysheep_generic_room_15
Temple:   compressed_dpeg_triangle_lava_temple

Skill      XL: |  1  2  3  4  5  6  7  8  9 10 11 |
---------------+----------------------------------+-----
Fighting       | 1 2 3 4 6 8 10 | 10.0
Axes           | 1 3 5 7 8 10 12 14 | 14.0
Armour         | 2 6 |  6.7
Crossbows      | |  2.1
Dodging        | |  2.1
Spellcasting   | |  1.0
Hexes          | |  2.4

Action                   |  1- 3 |  4- 6 |  7- 9 | 10-12 || total
-------------------------+-------+-------+-------+-------++-------
Melee: Unarmed           |     2 |       |       |       ||     2
       War axe           |    10 |   186 |   433 |   238 ||   867
       Punch             |       |     5 |    10 |    12 ||    27
       Hand axe          |       |       |       |   128 ||   128
 Fire: Hand crossbow     |    94 |    12 |    39 |    17 ||   162
Invok: Minor Destruction |       |       |       |     3 ||     3
 Abil: Heal Wounds       |     1 |     5 |    12 |    15 ||    33
Evoke: Wand              |       |       |       |    28 ||    28
  Use: Scroll            |       |       |    11 |     1 ||    12
       Potion            |       |       |       |     2 ||     2
Armor: Robe              |    13 |     6 |       |       ||    19
       Ring mail         |       |    53 |    42 |       ||    95
       Leather armour    |       |       |     8 |       ||     8
       Swamp dragon scal |       |       |   133 |   146 ||   279
Dodge: Dodged            |    38 |   125 |   298 |   309 ||   770
